 Adventure DCSS version bcrawl-1.27.3 (webtiles) character file.

Game seed: 3543181870960232055

154835 galech the Skirmisher (level 3, 28/29 HPs)
             Began as a Demonspawn Fighter on Aug 3, 2020.
             Quit the game on level 1 of the Dungeon.
             The game lasted 00:00:50 (421 turns).

galech the Skirmisher (Demonspawn Fighter)           Turns: 421, Time: 00:00:51

Health: 28/29      AC:  6    Str: 16    XL:     3   Next: 3%
Magic:  3/3        EV:  4    Int:  9    God:
Gold:   31         SH:  9    Dex: 13    Spells: 2/2 levels left
                                        Lives:  2   Deaths: 0

rFire    . . .     SeeInvis .   a - +0 war axe
rCold    . . .     Gourm    .   c - +0 medium shield
rNeg     . . .     Faith    .   b - +0 scale mail
rPois    .         Spirit   .   (helmet restricted)
rElec    .         Reflect  .   (no cloak)
rCorr    .         Harm     .   (no gloves)
MR       .....                  (no boots)
Stlth    ..........             (no amulet)
HPRegen  0.09/turn              (no ring)
MPRegen  0.08/turn              (no ring)

@: no status effects
A: claws 1, horns 1
a: no special abilities


You were on level 1 of the Dungeon.
You were not hungry.

You visited 1 branch of the dungeon, and saw 1 of its levels.

You collected 31 gold pieces.

Inventory:

Hand Weapons
 a - a +0 war axe (weapon)
Armour
 b - a +0 scale mail (worn)
 c - a +0 medium shield (worn)
Jewellery
 g - the ring "Nauc" {Ice Stlth+}
   (You found it on level 1 of the Dungeon)

   [ring of ice]

   It enhances your ice magic.
   It makes you vulnerable to fire.
   It protects you from cold.
   It makes you more stealthy.
Scrolls
 h - 3 scrolls of identify
 i - 2 scrolls of remove curse {unknown}
Potions
 d - a potion of might
Comestibles
 e - 3 rations {!d}
 f - 8 chunks of flesh


   Skills:
 + Level 3.3 Fighting
 + Level 2.1 Axes
 + Level 3.0 Armour
 + Level 3.1 Shields


You had 2 spell levels left.
You didn't know any spells.
Your spell library was empty.

Dungeon Overview and Level Annotations

Branches:
Dungeon (1/12)

Altars:


Innate Abilities, Weirdness & Mutations

You have sharp fingernails.
You have a pair of small horns on your head.


Message History

No target in view!
No target in view!
A leopard gecko comes into view.
The leopard gecko hisses angrily.
The leopard gecko bites you but does no damage.
You hit the leopard gecko. Your headbutt misses the leopard gecko.
The leopard gecko is heavily wounded.
You block the leopard gecko's attack.
You slash the leopard gecko!
You kill the leopard gecko!
You have reached level 3!
Your experience leads to an increase in your attributes!
Increase (S)trength, (I)ntelligence, or (D)exterity?
You feel agile.
Your demonic ancestry asserts itself...
Your fingernails lengthen.
You see here a leopard gecko corpse.
You butcher the leopard gecko corpse.
f - 8 chunks of flesh (gained 2)
You see here a leopard gecko skeleton.
Are you sure you want to abandon this character and quit the game? (Confirm with "yes".)

####.#############.##..
......................
.###.#.######..###.####...
..#.#..# #.............
...###.# #.>###.####..
..#.#.## #..# #.# .###.##
##...##.####.. .###.#
#..............
.....#######....@.######.#
.##................#
)##.########.......#
.##.## #.......# .†...#
######..# .##..# #..#
.....# #..# .###.# ..# .#
#.#


There were no monsters in sight!

Vanquished Creatures
  3 dart slugs (D:1)
  2 leopard geckos (D:1)
  3 giant cockroaches (D:1)
  2 goblins (D:1)
  4 hobgoblins (D:1)
  2 bats (D:1)
  2 frilled lizards (D:1)
  2 kobolds (D:1)
  A rat (D:1)
21 creatures vanquished.

Notes
Turn   | Place    | Note
-------+----------+-------------------------------------------
     0 | D:1      | galech the Demonspawn Fighter began the quest for the Orb.
     0 | D:1      | Reached XP level 1. HP: 18/18 MP: 1/1
    98 | D:1      | Gained mutation: You have a pair of small horns on your
                  | head. [demonic ancestry]
    98 | D:1      | Reached XP level 2. HP: 16/24 MP: 2/2
   122 | D:1      | Got a transparent bronze ring
   127 | D:1      | Identified the ring "Nauc" {Ice Stlth+} (You found it on
                  | level 1 of the Dungeon)
   417 | D:1      | Gained mutation: You have sharp fingernails. [demonic
                  | ancestry]
   417 | D:1      | Reached XP level 3. HP: 28/29 MP: 3/3
   421 | D:1      | Quit the game

Skill      XL: |  1  2 |
---------------+-------+-----
Shields        | 3 |  3.1
Armour         | 3 |  3.0
Axes           | 2 |  2.1
Fighting       | |  3.3

Action                   || total
-------------------------++-------
Melee: War axe           ||    64
       Headbutt          ||     3
  Eat: Chunk             ||     1
Armor: Scale mail        ||    41
Dodge: Dodged            ||     8
Block: Medium shield     ||    44
